 Dungeon Crawl Stone Soup version 0.28.0 (webtiles) character file.

Game seed: 5096821446180591377

1197 AmazingTV the Covered (level 8, -2/71 HPs)
             Began as a Minotaur Fighter on June 27, 2022.
             Was a Follower of Elyvilon.
             Slain by a killer bee (3 damage)
             ... on level 5 of the Dungeon.
             The game lasted 00:15:15 (5914 turns).

AmazingTV the Covered (Minotaur Fighter)            Turns: 5914, Time: 00:15:17

Health: -2/71      AC:  9    Str: 20    XL:     8   Next: 20%
Magic:  5/7        EV: 11    Int:  5    God:    Elyvilon [*.....]
Gold:   206        SH:  0    Dex: 15    Spells: 7/7 levels left

rFire   . . .      SeeInvis .   a - +0 war axe
rCold   + . .      Faith    .   v - orb {*Rage}
rNeg    . . .      Spirit   .   I - +0 steam dragon scales
rPois   .          Reflect  .   (helmet restricted)
rElec   .          Harm     .   C - +0 cloak
rCorr   .          Rampage  .   (no gloves)
Will    .....      Rage     20% t - +0 pair of boots
Stlth   +.........              (no amulet)
HPRegen 0.21/turn               (no ring)
MPRegen 0.10/turn               (no ring)

@: mighty, on berserk cooldown, attractive
A: horns 2, retaliatory headbutt, agile 1, cold resistance 1
a: Renounce Religion, Purification


You were on level 5 of the Dungeon.
You worshipped Elyvilon.
Elyvilon was aware of your devotion.
You visited 2 branches of the dungeon, and saw 6 of its levels.

You collected 206 gold pieces.

Inventory:

Hand Weapons
 a - a +0 war axe (weapon)
 b - a +2 mace of protection
 H - a +4 flail
Missiles
 j - 47 bolts
Armour
 c - a +0 buckler
 t - a +0 pair of boots (worn)
 v - an orb of wrath (worn)
 C - a +0 cloak (worn)
 I - +0 steam dragon scales (worn)
Wands
 z - a wand of digging (4)
 G - a wand of acid (10)
Scrolls
 h - 4 scrolls of identify {unknown}
 i - 2 scrolls of teleportation {unknown}
 k - a scroll of blinking {unknown}
 m - a scroll of fear {unknown}
 n - a scroll of noise {unknown}
 o - a scroll of silence {unknown}
 r - 2 scrolls of amnesia {unknown}
 s - a scroll of brand weapon {unknown}
 u - a scroll of holy word {unknown}
 w - a scroll of enchant armour {unknown}
 x - a scroll of magic mapping {unknown}
 y - a scroll of fog {unknown}
 B - a scroll of vulnerability {unknown}
 F - a scroll of enchant weapon {unknown}
Potions
 d - 2 potions of might
 e - a potion of magic {unknown}
 f - a potion of cancellation {unknown}
 g - a potion of mutation
 l - 2 potions of brilliance {unknown}
 p - a potion of degeneration {unknown}
 q - 2 potions of curing {unknown}
 D - a potion of haste
 J - a potion of lignification {unknown}
Miscellaneous
 E - a phial of floods


   Skills:
 + Level 6.8 Fighting
 + Level 6.2 Axes
 + Level 0.8(3.9) Maces & Flails
 + Level 6.9 Armour
 + Level 6.9 Shields
 + Level 0.4 Invocations


You had 7 spell levels left.
You didn't know any spells.
Your spell library contained the following spells:

 Spells                   Type           Power      Damage    Failure   Level
 Sandblast                Erth           0%         2d4       47%         1
 Slow                     Hex            0%         N/A       47%         1
 Passwall                 Tmut/Erth      0%         N/A       63%         2
 Static Discharge         Conj/Air       0%         N/A       63%         2
 Confusing Touch          Hex            0%         N/A       85%         3
 Gell's Gravitas          Tloc           0%         N/A       85%         3
 Lesser Beckoning         Tloc           0%         N/A       85%         3
 Stone Arrow              Conj/Erth      0%         3d7       85%         3
 Teleport Other           Tloc           0%         N/A       85%         3
 Vampiric Draining        Necr           0%         2d6       85%         3
 Dispel Undead            Necr           0%         3d6       99%         4
 Leda's Liquefaction      Hex/Erth       0%         N/A       99%         4
 Petrify                  Tmut/Erth      0%         N/A       99%         4
 Sticky Flame             Conj/Fire      0%         2d3       99%         4
 Borgnjor's Vile Clutch   Necr/Erth      0%         N/A       100%        5
 Metabolic Englaciation   Hex/Ice        0%         N/A       100%        5
 Eringya's Noxious Bog    Tmut/Pois      0%         N/A       100%        6
 Statue Form              Tmut/Erth      0%         N/A       100%        6


Dungeon Overview and Level Annotations

Branches:
Dungeon (5/15)             Temple (1/1) D:4

Altars:
Ashenzari
Cheibriados
Dithmenos
Elyvilon
Fedhas
Gozag
Hepliaklqana
Kikubaaqudgha
Makhleb
Nemelex Xobeh
Okawaru
Qazlal
Ru
Sif Muna
Trog
Uskayaw
Vehumet
Wu Jian
Xom
Yredelemnul
Zin
The Shining One

Shops:
D:2 (   D:4 =   D:5 =


Innate Abilities, Weirdness & Mutations

You have a pair of horns on your head.
You reflexively headbutt those who attack you in melee.
You are agile. (Dex +2)
Your flesh is cold resistant. (rC+)


Message History

You are more poisoned.
The killer bee poisons you!
The killer bee stings you but does no damage.
You feel very sick.
The killer bee stings you but does no damage. x2
Found Peosehar's Jewellery Boutique.
Found a stone staircase leading down.
You feel very sick.
The killer bee stings you but does no damage.
The killer bee stings you.
* * * LOW HITPOINT WARNING * * *
You are more poisoned.
The killer bee poisons you!
You feel very sick. The killer bee stings you.
* * * LOW HITPOINT WARNING * * *
You are lethally poisoned!
The killer bee poisons you! The killer bee stings you.
* * * LOW HITPOINT WARNING * * *
There is an open door, spattered with blood here.
You feel purified!
The killer bee stings you but does no damage. x2
The killer bee misses you. The killer bee stings you.
* * * LOW HITPOINT WARNING * * *
It was a potion of mutation.
You feel extremely strange.
You feel resistant to cold.
You feel agile. The killer bee barely misses you.
The killer bee stings you but does no damage.
The killer bee closely misses you. The killer bee stings you!
Elyvilon protects you from harm!
You feel very mighty all of a sudden. The killer bee stings you.
* * * LOW HITPOINT WARNING * * *
The killer bee stings you but does no damage.
The killer bee misses you. The killer bee barely misses you.
It was a potion of attraction.
You feel attractive to monsters. The killer bee stings you.
* * * LOW HITPOINT WARNING * * *
The killer bee stings you.
You die...

##..##
##'###).....##...
##..#
######...##......##...
# ...
.........#.......#....
#
.........#.......#....
#
.........'.......###'#
#
.......y.#.......##...
#
...###y.##...........
# #yyy###...........
#@#...#.........).
#.#$..#......#####
#.#..##......##...
#####
#>#####...........
#...# +.+
#............ #...#
+.+ #............
#...# #∩#
#............ #...#
#.#..######..##...
##+####+##...###
#..##..##..##...


You could see 5 killer bees.

Vanquished Creatures
  A steam dragon (D:5)
  2 sky beasts (D:5)
  A necrophage (D:4)
  2 black bears (D:4)
  An ogre (D:5)
  A centaur (D:4)
  A bullfrog zombie (D:3)
  Crazy Yiuf (D:3)
  A hound (D:4)
  A bullfrog skeleton (D:4)
  2 iguanas (D:5)
  Natasha (twice) (D:3)
  9 adders
  3 gnolls (D:5)
  A shadow imp (D:5)
  2 ufetubi
  An adder skeleton (D:4)
  4 worms
  2 dart slugs
  3 orcs
  6 bats
  7 endoplasms
  A giant cockroach (D:1)
  8 goblins
  12 hobgoblins
  10 kobolds
  6 quokkas
  7 ball pythons
  5 frilled lizards
  4 rats
  A spectral goblin (D:1)
108 creatures vanquished.

Notes
Turn   | Place    | Note
-------+----------+-------------------------------------------
     0 | D:1      | AmazingTV the Minotaur Fighter began the quest for the Orb.
     0 | D:1      | Reached XP level 1. HP: 19/19 MP: 0/0
   481 | D:1      | Reached XP level 2. HP: 27/27 MP: 1/1
   965 | D:1      | Found a faded altar of an unknown god.
  1190 | D:2      | Found Sefop's Weapon Shop.
  1414 | D:2      | Reached XP level 3. HP: 31/31 MP: 2/2
  2625 | D:3      | Reached XP level 4. HP: 40/40 MP: 3/3
  2696 | D:3      | Found a stormy altar of Qazlal.
  3010 | D:3      | Noticed Natasha
  3019 | D:3      | Killed Natasha
  3028 | D:3      | Got Sif Muna's Volume of Unstable Earth
  3101 | D:3      | Noticed Natasha
  3106 | D:3      | Killed Natasha
  3162 | D:3      | Reached XP level 5. HP: 45/47 MP: 4/4
  3521 | D:3      | Found a runed translucent door.
  3522 | D:3      | Noticed Crazy Yiuf
  3529 | D:3      | Killed Crazy Yiuf
  3530 | D:3      | Reached skill level 5 in Armour
  3530 | D:3      | Reached skill level 5 in Shields
  3990 | D:4      | Reached skill level 5 in Fighting
  4107 | D:4      | Found a staircase to the Ecumenical Temple.
  4111 | D:4      | Reached XP level 6. HP: 55/56 MP: 5/5
  4118 | Temple   | Entered the Ecumenical Temple
  4283 | Temple   | Became a worshipper of Elyvilon the Healer
  4661 | D:4      | Reached skill level 5 in Axes
  4661 | D:4      | Reached XP level 7. HP: 62/62 MP: 6/6
  5026 | D:4      | Found Soneomex's One-of-a-Kind Rings.
  5031 | D:4      | Reached * piety under Elyvilon
  5223 | D:5      | Entered Level 5 of the Dungeon
  5535 | D:5      | Noticed a steam dragon
  5550 | D:5      | Killed a steam dragon
  5551 | D:5      | Reached XP level 8. HP: 63/71 MP: 7/7
  5909 | D:5      | Found Peosehar's Jewellery Boutique.
  5912 | D:5      | Gained mutation: Your flesh is cold resistant. (rC+)
                  | [potion of mutation]
  5912 | D:5      | Gained mutation: You are agile. (Dex +2) [potion of
                  | mutation]
  5912 | D:5      | Elyvilon protects you from harm!
  5913 | D:5      | HP: 2/71 [killer bee (3)]
  5914 | D:5      | Slain by a killer bee

Illustrated notes

Levels and vault maps discovered:
D:1:      saegor_arrival_fortress, layout_basic,
          dreamdust_ecumenical_altar_drowned_temple
D:2:      wad_pebble_path, layout_basic, serial_shops, shop
D:3:      layout_basic, general_overflow_altar, minmay_joined_circles,
          uniq_crazy_yiuf_cottage, uniq_natasha
D:4:      layout_loops_ring, minmay_temple_entry_ruins,
          nicolae_shop_unique_rings, minivault_5, glass_columns_a,
          grunt_ministairs_13
D:5:      layout_gridville, serial_shops, nicolae_shop_hallway_stairs,
          st_stairs_2
Temple:   mainiacjoe_temple_hex_bubbles

Skill      XL: |  1  2  3  4  5  6  7 |
---------------+----------------------+-----
Fighting       | 4 5 6 |  6.8
Armour         | 4 5 6 |  6.9
Axes           | 3 4 5 6 |  6.2
Shields        | 4 5 6 |  6.9
Maces & Flails | |  0.8
Invocations    | |  0.4

Action                   |  1- 3 |  4- 6 |  7- 9 || total
-------------------------+-------+-------+-------++-------
Melee: War axe           |    92 |   105 |    66 ||   263
       Headbutt          |    12 |    15 |    13 ||    40
       Whip              |     7 |       |       ||     7
Invok: Purification      |       |       |     1 ||     1
  Use: Potion            |       |       |     3 ||     3
 Stab: Sleeping          |       |       |     1 ||     1
Armor: Scale mail        |    47 |    49 |    44 ||   140
       Steam dragon scal |       |       |    20 ||    20
Dodge: Dodged            |    49 |    66 |    65 ||   180
Block: Buckler           |    25 |    13 |       ||    38
